| TOP OF THE 1ST |
|
Baltimore Orioles batting - Pitching for Seattle Mariners : RHP Tom Graham
|
|
Pitching: RHP Tom Graham
|
|
|
Batting: RHB Saimei Kudo
|
0-0: Ball 1-0: Ball 2-0: Ground out 4-3 (Groundball, 6M, EV 80.0 MPH)
|
|
Batting: SHB Cesar Herrera
|
0-0: Ball 1-0: Foul Ball, location: 2F 1-1: Ball 2-1: Fly out, F7 (Flyball, 7S, EV 79.4 MPH)
|
|
Batting: RHB Rudo Garciaparra
|
0-0: Fly out, F4 (Line Drive, 4, EV 69.4 MPH)
|
| Top of the 1st over - 0 runs, 0 hits, 0 errors, 0 left on base; Baltimore 0 - Seattle 0 |
| BOTTOM OF THE 1ST |
|
Seattle Mariners batting - Pitching for Baltimore Orioles : RHP Ryan Sobocinski
|
|
Pitching: RHP Ryan Sobocinski
|
|
|
Batting: LHB Dae-ik Yoon
|
0-0: Called Strike 0-1: Swinging Strike 0-2: Ball 1-2: Ball 2-2: Strikes out swinging
|
|
Batting: RHB Jose Vasquez
|
0-0: Ball 1-0: Ground out 4-3 (Groundball, 4M, EV 86.9 MPH)
|
|
Batting: RHB Steve Jordan
|
0-0: Swinging Strike 0-1: Swinging Strike 0-2: Strikes out swinging
|
| Bottom of the 1st over - 0 runs, 0 hits, 0 errors, 0 left on base; Baltimore 0 - Seattle 0 |
| TOP OF THE 2ND |
|
Baltimore Orioles batting - Pitching for Seattle Mariners : RHP Tom Graham
|
|
Batting: SHB Robert Handy
|
0-0: Ball 1-0: Foul Ball, location: 2F 1-1: Ball 2-1: Ball 3-1: Foul Ball, location: 2F 3-2: Fly out, F7 (Flyball, 7D, EV 77.5 MPH)
|
|
Batting: LHB Brian Feher
|
0-0: Ball 1-0: Called Strike 1-1: Swinging Strike 1-2: Foul Ball, location: 2F 1-2: Ground out 5-3 (Groundball, 56S, EV 91.2 MPH)
|
|
Batting: RHB Alex Rodriguez Jr.
|
0-0: Foul Ball, location: 2F 0-1: Ball 1-1: Ball 2-1: SINGLE (Groundball, 3D, EV 101.2 MPH)
|
|
Batting: RHB Marc Peckermark
|
0-0: Foul Ball, location: 2F 0-1: Foul Ball, location: 2F 0-2: Ball 1-2: Ball 2-2: Fly out, F9 (Line Drive, 9, EV 105.0 MPH)
|
| Top of the 2nd over - 0 runs, 1 hit, 0 errors, 1 left on base; Baltimore 0 - Seattle 0 |
| BOTTOM OF THE 2ND |
|
Seattle Mariners batting - Pitching for Baltimore Orioles : RHP Ryan Sobocinski
|
|
Batting: SHB Robbie Rogers
|
0-0: Ball 1-0: Called Strike 1-1: Ball 2-1: Fly out, F8 (Flyball, 8LD, EV 103.1 MPH)
|
|
Batting: RHB Tony Vargas
|
0-0: Called Strike 0-1: Fly out, F9 (Line Drive, 9S, EV 103.1 MPH)
|
|
Batting: RHB Pavpv Ivanushkin
|
0-0: SINGLE (Line Drive, 6D, EV 102.5 MPH)
|
|
Batting: RHB Harutomi Matsubara
|
0-0: Called Strike 0-1: Foul Ball, location: 2F 0-2: Foul Ball, location: 2F 0-2: Ground out U3 (Groundball, 3, EV 103.8 MPH)
|
| Bottom of the 2nd over - 0 runs, 1 hit, 0 errors, 1 left on base; Baltimore 0 - Seattle 0 |
| TOP OF THE 3RD |
|
Baltimore Orioles batting - Pitching for Seattle Mariners : RHP Tom Graham
|
|
Batting: SHB Aldo Questi
|
0-0: Foul Ball, location: 2F 0-1: Foul Ball, location: 2F 0-2: Ball 1-2: DOUBLE (Flyball, 8LXD, EV 108.8 MPH)
|
|
Batting: LHB Eric Jackson
|
0-0: Fly out, F8 (Flyball, 78M, EV 86.9 MPH)
|
|
Batting: RHB Saimei Kudo
|
0-0: Called Strike 0-1: Foul Ball, location: 2F 0-2: Ball 1-2: Ball 2-2: Ball 3-2: Fly out, F8 (Flyball, 8LM, EV 75.6 MPH)
|
|
Batting: SHB Cesar Herrera
|
0-0: Called Strike 0-1: Ball 1-1: Ball 2-1: Ball 3-1: Ground out U3 (Groundball, 34S, EV 87.5 MPH)
|
| Top of the 3rd over - 0 runs, 1 hit, 0 errors, 1 left on base; Baltimore 0 - Seattle 0 |
| BOTTOM OF THE 3RD |
|
Seattle Mariners batting - Pitching for Baltimore Orioles : RHP Ryan Sobocinski
|
|
Batting: RHB Jimmy Hammertime
|
0-0: Ball 1-0: Ball 2-0: Foul Ball, location: 2F 2-1: SINGLE (Groundball, 6D, EV 96.9 MPH)
|
|
Batting: RHB Corey Ottinger
|
0-0: Called Strike 0-1: Ball 1-1: Ball 2-1: Grounds into double play, 6-4-3 (Groundball, 6, EV 82.5 MPH)
|
|
Batting: LHB Dae-ik Yoon
|
0-0: Foul Ball, location: 2F 0-1: Foul Ball, location: 2F 0-2: Foul Ball, location: 2F 0-2: Foul Ball, location: 2F 0-2: Ball 1-2: Ball 2-2: Ball 3-2: SINGLE (Groundball, 4MS, EV 71.2 MPH) (infield hit)
|
|
Batting: RHB Jose Vasquez
|
0-0: SINGLE (Groundball, 3D, EV 98.1 MPH) Dae-ik Yoon to second Runner from 2nd tries for 3rd, SAFE, throw by RF made to third
|
|
Batting: RHB Steve Jordan
|
0-0: Ball 1-0: Called Strike 1-1: Fielders Choice at 2nd, 6-4 (Groundball, 6, EV 106.2 MPH)
|
| Bottom of the 3rd over - 0 runs, 3 hits, 0 errors, 2 left on base; Baltimore 0 - Seattle 0 |
| TOP OF THE 4TH |
|
Baltimore Orioles batting - Pitching for Seattle Mariners : RHP Tom Graham
|
|
Batting: RHB Rudo Garciaparra
|
0-0: SINGLE (Line Drive, 34, EV 105.0 MPH)
|
|
Batting: SHB Robert Handy
|
0-0: Ball 1-0: Called Strike 1-1: Foul Ball, location: 2F 1-2: Fly out, F8 (Flyball, 8RM, EV 82.5 MPH)
|
|
Batting: LHB Brian Feher
|
0-0: Ball Rudo Garciaparra is caught stealing 2nd base 2-6 1-0: Called Strike 1-1: Ball 2-1: Ball 3-1: Base on Balls
|
|
Pitching: RHP Kyle Ridgeway
|
|
|
Batting: RHB Alex Rodriguez Jr.
|
0-0: Ball 1-0: Ball 2-0: Ball 3-0: Base on Balls Brian Feher to second
|
|
Batting: RHB Marc Peckermark
|
0-0: Fly out, F7 (Flyball, 7, EV 82.5 MPH)
|
| Top of the 4th over - 0 runs, 1 hit, 0 errors, 2 left on base; Baltimore 0 - Seattle 0 |
| BOTTOM OF THE 4TH |
|
Seattle Mariners batting - Pitching for Baltimore Orioles : RHP Ryan Sobocinski
|
|
Batting: SHB Robbie Rogers
|
0-0: Ball 1-0: DOUBLE (Line Drive, 9LS, EV 93.8 MPH)
|
|
Batting: RHB Tony Vargas
|
0-0: Ball 1-0: Foul Ball, location: 2F 1-1: Foul Ball, location: 2F 1-2: Ball 2-2: Foul Ball, location: 2F 2-2: Ball 3-2: Foul Ball, location: 2F 3-2: Foul Ball, location: 2F 3-2: Foul Ball, location: 2F 3-2: Foul Ball, location: 2F 3-2: Fly out, F9 (Flyball, 9, EV 83.1 MPH)
|
|
Batting: RHB Pavpv Ivanushkin
|
0-0: Ball 1-0: Ball 2-0: Ball 3-0: Called Strike 3-1: Fly out, F2 (Popup, 23F, EV 93.8 MPH)
|
|
Batting: RHB Harutomi Matsubara
|
0-0: DOUBLE (Line Drive, 78M, EV 106.2 MPH) Robbie Rogers scores
|
|
Batting: RHB Jimmy Hammertime
|
0-0: Ball 1-0: Ground out 5-3 (Groundball, 56S, EV 78.1 MPH)
|
| Bottom of the 4th over - 1 run, 2 hits, 0 errors, 1 left on base; Baltimore 0 - Seattle 1 |
| TOP OF THE 5TH |
|
Baltimore Orioles batting - Pitching for Seattle Mariners : RHP Kyle Ridgeway
|
|
Batting: SHB Aldo Questi
|
0-0: Ball 1-0: Ground out 4-3 (Groundball, 4M, EV 80.0 MPH)
|
|
Batting: LHB Eric Jackson
|
0-0: Ball 1-0: Foul Ball, location: 2F 1-1: Ball 2-1: Swinging Strike 2-2: Strikes out swinging
|
|
Batting: RHB Saimei Kudo
|
0-0: Called Strike 0-1: Foul Ball, location: 2F 0-2: Ball 1-2: Ground out 5-3 (Groundball, 56S, EV 84.4 MPH)
|
| Top of the 5th over - 0 runs, 0 hits, 0 errors, 0 left on base; Baltimore 0 - Seattle 1 |
| BOTTOM OF THE 5TH |
|
Seattle Mariners batting - Pitching for Baltimore Orioles : RHP Ryan Sobocinski
|
|
Batting: RHB Corey Ottinger
|
0-0: Fly out, F8 (Line Drive, 89M, EV 101.2 MPH)
|
|
Batting: LHB Dae-ik Yoon
|
0-0: Called Strike 0-1: Called Strike 0-2: Ball 1-2: DOUBLE (Flyball, 9LM, EV 93.1 MPH)
|
|
Batting: RHB Jose Vasquez
|
0-0: SINGLE (Line Drive, 5D, EV 97.5 MPH) Dae-ik Yoon to third
|
|
Batting: RHB Steve Jordan
|
0-0: Ball Jose Vasquez steals 2nd base 1-0: Ball 2-0: SINGLE (Flyball, 34D, EV 91.2 MPH) Dae-ik Yoon scores Jose Vasquez to third
|
|
Batting: SHB Robbie Rogers
|
0-0: SINGLE (Groundball, 6MS, EV 68.1 MPH) (infield hit) Jose Vasquez scores Steve Jordan to second
|
|
Batting: RHB Tony Vargas
|
0-0: Ball 1-0: Ball 2-0: Ball 3-0: Called Strike 3-1: Grounds into double play, 4-6-3 (Groundball, 4, EV 85.6 MPH)
|
| Bottom of the 5th over - 2 runs, 4 hits, 0 errors, 1 left on base; Baltimore 0 - Seattle 3 |
| TOP OF THE 6TH |
|
Baltimore Orioles batting - Pitching for Seattle Mariners : RHP Kyle Ridgeway
|
|
Batting: SHB Cesar Herrera
|
0-0: Ball 1-0: Called Strike 1-1: Called Strike 1-2: Strikes out swinging
|
|
Batting: RHB Rudo Garciaparra
|
0-0: Ball 1-0: Called Strike 1-1: Ground out 4-3 (Groundball, 4M, EV 104.4 MPH)
|
|
Batting: SHB Robert Handy
|
0-0: Ball 1-0: SINGLE (Groundball, 6MD, EV 93.8 MPH)
|
|
Batting: LHB Brian Feher
|
0-0: Ball 1-0: SINGLE (Groundball, 56D, EV 100.0 MPH) Robert Handy to second
|
|
Batting: RHB Alex Rodriguez Jr.
|
0-0: Called Strike 0-1: Called Strike 0-2: Foul Ball, location: 2F 0-2: Ground out 5-3 (Groundball, 56S, EV 83.1 MPH)
|
| Top of the 6th over - 0 runs, 2 hits, 0 errors, 2 left on base; Baltimore 0 - Seattle 3 |
| BOTTOM OF THE 6TH |
|
Seattle Mariners batting - Pitching for Baltimore Orioles : RHP Ryan Sobocinski
|
|
Batting: RHB Pavpv Ivanushkin
|
0-0: Called Strike 0-1: Ball 1-1: Ball 2-1: Foul Ball, location: 2F 2-2: DOUBLE (Line Drive, 89D, EV 105.0 MPH)
|
|
Batting: RHB Harutomi Matsubara
|
0-0: Ball 1-0: Foul Ball, location: 2F 1-1: Ball 2-1: Foul Ball, location: 2F 2-2: Foul Ball, location: 2F 2-2: SINGLE (Groundball, 56S, EV 69.4 MPH) (infield hit) Pavpv Ivanushkin to third
|
|
Batting: RHB Jimmy Hammertime
|
0-0: Grounds into double play, 6-4-3 (Groundball, 6, EV 82.5 MPH) Pavpv Ivanushkin scores
|
|
Batting: RHB Corey Ottinger
|
0-0: Ball 1-0: Swinging Strike 1-1: Called Strike 1-2: Ground out 4-3 (Groundball, 4, EV 97.5 MPH)
|
| Bottom of the 6th over - 1 run, 2 hits, 0 errors, 0 left on base; Baltimore 0 - Seattle 4 |
| TOP OF THE 7TH |
|
Baltimore Orioles batting - Pitching for Seattle Mariners : RHP Kyle Ridgeway
|
|
Pitching: RHP Willie Sanchez
|
|
|
Now at 2B: Malik Brookshire
|
|
|
Now at 3B: Corey Ottinger
|
|
|
Batting: RHB Marc Peckermark
|
0-0: Called Strike 0-1: Ball 1-1: Called Strike 1-2: Strikes out looking
|
|
Batting: SHB Aldo Questi
|
0-0: Foul Ball, location: 2F 0-1: Ball 1-1: Called Strike 1-2: Foul Ball, location: 2F 1-2: Ball 2-2: Ball 3-2: Foul Ball, location: 2F 3-2: Foul Ball, location: 2F 3-2: Ground out U3 (Groundball, 3, EV 89.4 MPH)
|
|
Batting: LHB Eric Jackson
|
0-0: Ball 1-0: Swinging Strike 1-1: Ball 2-1: Called Strike 2-2: Foul Ball, location: 2F 2-2: Ground out 4-3 (Groundball, 4, EV 97.5 MPH)
|
| Top of the 7th over - 0 runs, 0 hits, 0 errors, 0 left on base; Baltimore 0 - Seattle 4 |
| BOTTOM OF THE 7TH |
|
Seattle Mariners batting - Pitching for Baltimore Orioles : RHP Ryan Sobocinski
|
|
Batting: LHB Dae-ik Yoon
|
0-0: Called Strike 0-1: Ball 1-1: Foul Ball, location: 2F 1-2: Ball 2-2: TRIPLE (Line Drive, 9LD, EV 105.0 MPH)
|
|
Batting: RHB Jose Vasquez
|
0-0: Ball 1-0: Foul Ball, location: 2F 1-1: Foul Ball, location: 2F 1-2: Ball 2-2: Ground out 5-3 (Groundball, 56S, EV 84.4 MPH) Dae-ik Yoon scores
|
|
Pitching: RHP Hector Aguado
|
|
|
Batting: RHB Steve Jordan
|
0-0: Ball 1-0: Ball 2-0: Ball 3-0: Foul Ball, location: 2F 3-1: Base on Balls
|
|
Batting: SHB Robbie Rogers
|
0-0: Ball 1-0: Called Strike 1-1: Ball Steve Jordan steals 2nd base 2-1: SINGLE (Groundball, 4MD, EV 94.4 MPH) Steve Jordan to third Runner from 3rd tries for Home, SAFE, throw by CF to home
|
|
Batting: RHB Tony Vargas
|
0-0: Ball Robbie Rogers steals 2nd base 1-0: Ground out 4-3 (Groundball, 4, EV 101.9 MPH) Robbie Rogers to third
|
|
Batting: RHB Pavpv Ivanushkin
|
0-0: Ball 1-0: Called Strike 1-1: Ball 2-1: Ball 3-1: Base on Balls
|
|
Batting: RHB Harutomi Matsubara
|
0-0: SINGLE (Groundball, 23, EV 68.1 MPH) (infield hit) Robbie Rogers scores Pavpv Ivanushkin to second
|
|
Batting: RHB Malik Brookshire
|
0-0: Reached on error, E4 (Groundball, 4, EV 100.6 MPH) Pavpv Ivanushkin to third Harutomi Matsubara to second
|
|
Batting: RHB Corey Ottinger
|
0-0: Ball 1-0: Ball 2-0: Called Strike 2-1: Ground out 6-3 (Groundball, 6S, EV 71.2 MPH)
|
| Bottom of the 7th over - 3 runs, 3 hits, 1 error, 3 left on base; Baltimore 0 - Seattle 7 |
| TOP OF THE 8TH |
|
Baltimore Orioles batting - Pitching for Seattle Mariners : RHP Willie Sanchez
|
|
Batting: RHB Saimei Kudo
|
0-0: Swinging Strike 0-1: Ball 1-1: Foul Ball, location: 2F 1-2: Foul Ball, location: 2F 1-2: Ball 2-2: Ball 3-2: Foul Ball, location: 2F 3-2: SINGLE (Flyball, 78S, EV 91.2 MPH)
|
|
Batting: SHB Cesar Herrera
|
0-0: Ball 1-0: Ball 2-0: Foul Ball, location: 2F 2-1: Ball 3-1: Base on Balls Saimei Kudo to second
|
|
Batting: RHB Rudo Garciaparra
|
0-0: Called Strike 0-1: Ball 1-1: Ball 2-1: Foul Ball, location: 2F 2-2: Grounds out, U3 (Groundball, 3L, EV 103.1 MPH) Saimei Kudo to third
|
|
Batting: SHB Robert Handy
|
0-0: Ball 1-0: Ball 2-0: Foul Ball, location: 2F 2-1: Ball 3-1: Called Strike 3-2: Fly out, F9 (Flyball, 9, EV 75.6 MPH)
|
|
Pitching: LHP Lance Crumpton
|
|
|
Batting: LHB Brian Feher
|
0-0: Foul Ball, location: 2F 0-1: Ball 1-1: Fly out, F7 (Flyball, 78D, EV 102.5 MPH)
|
| Top of the 8th over - 0 runs, 1 hit, 0 errors, 2 left on base; Baltimore 0 - Seattle 7 |
| BOTTOM OF THE 8TH |
|
Seattle Mariners batting - Pitching for Baltimore Orioles : RHP Hector Aguado
|
|
Batting: LHB Dae-ik Yoon
|
0-0: Swinging Strike 0-1: Ball 1-1: Foul Ball, location: 2F 1-2: Ball 2-2: Ball 3-2: Fly out, F8 (Line Drive, 78M, EV 93.8 MPH)
|
|
Batting: RHB Jose Vasquez
|
0-0: Called Strike 0-1: Ball 1-1: Ball 2-1: Foul Ball, location: 2F 2-2: Strikes out looking
|
|
Batting: RHB Steve Jordan
|
0-0: Ball 1-0: Ball 2-0: Ball 3-0: Called Strike 3-1: DOUBLE (Line Drive, 9LS, EV 90.6 MPH)
|
|
Batting: SHB Robbie Rogers
|
0-0: Foul Ball, location: 2F 0-1: Ball 1-1: Fly out, F2 (Popup, 25F, EV 85.6 MPH)
|
| Bottom of the 8th over - 0 runs, 1 hit, 0 errors, 1 left on base; Baltimore 0 - Seattle 7 |
| TOP OF THE 9TH |
|
Baltimore Orioles batting - Pitching for Seattle Mariners : LHP Lance Crumpton
|
|
Batting: RHB Alex Rodriguez Jr.
|
0-0: Called Strike 0-1: Swinging Strike 0-2: Foul Ball, location: 2F 0-2: Strikes out swinging
|
|
Batting: RHB Marc Peckermark
|
0-0: Called Strike 0-1: Foul Ball, location: 2F 0-2: Ball 1-2: Strikes out swinging
|
|
Batting: SHB Aldo Questi
|
0-0: Ball 1-0: Ball 2-0: Foul Ball, location: 2F 2-1: Fly out, F8 (Flyball, 8RS, EV 93.1 MPH)
|
| Top of the 9th over - 0 runs, 0 hits, 0 errors, 0 left on base; Baltimore 0 - Seattle 7 |
|